Map: Alcyone LE

Players

andyman - Winner!

  • Race: Protoss Protoss
  • League: Diamond
  • Spawn Location: 7:00

SubN

  • Race: Zerg Zerg
  • League: Diamond
  • Spawn Location: 1:00

VOD

Have the link to the VOD?

Description

Time

  • Played on: Jan. 22, 2024, 12:26 p.m.
  • Length: 7:47
Show
View Real Time Build Order
Export as new Build Order

andyman Protoss - Winner!

Build Orders:  

Get SALT Encoding   

  12  0:00  Probe  
  13  0:12  Probe  
  14  0:18  Pylon  
  14  0:24  Probe (Chrono Boost)  
  15  0:37  Probe (Chrono Boost)  
  15  0:39  Forge  
  16  0:43  Probe (Chrono Boost)  
  17  0:51  Probe  
  18  0:57  Pylon  
  18  1:03  Pylon  
  18  1:16  Gateway  
  18  1:19  Gateway  
  18  1:28  Photon Cannon  
  18  1:31  Probe  
  19  1:38  Pylon  
  19  1:43  Probe (Chrono Boost)  
  20  1:50  Gateway  
  20  1:55  Probe (Chrono Boost)  
  21  2:05  Photon Cannon  
  21  2:19  Probe  
  22  2:32  Nexus  
  24  2:42  Zealot (Chrono Boost)  
  24  2:43  Zealot (Chrono Boost)  
  28  2:44  Zealot (Chrono Boost)  
  28  2:52  Cybernetics Core  
  28  2:58  Photon Cannon  
  28  3:08  Photon Cannon  
  28  3:12  Zealot  
  30  3:27  Pylon  
  30  3:29  Probe  
  31  3:39  Photon Cannon  
  31  3:41  Probe  
  31  3:44  Pylon  
  32  3:51  Assimilator  
  32  3:53  Probe  
  33  3:57  Assimilator  
  33  4:05  Probe (Chrono Boost)  
  35  4:11  Probe (Chrono Boost)  
  35  4:13  Photon Cannon  
  35  4:15  Probe (Chrono Boost)  
  36  4:19  Probe (Chrono Boost)  
  37  4:30  Probe x2  
  37  4:41  Shield Battery  
  37  4:42  Probe x2  
  37  4:45  Stalker  
  37  4:47  Shield Battery  
  37  4:49  Shield Battery  
  37  4:54  Pylon  
  37  4:55  Probe  
  38  5:02  Probe  
  39  5:07  Probe  
  41  5:14  Probe  
  41  5:16  Stalker  
  41  5:19  Probe  
  44  5:23  Stargate  
  44  5:26  Probe (Chrono Boost)  
  45  5:30  Stalker  
  45  5:31  Stalker  
  50  5:37  Probe (Chrono Boost)  
  50  5:40  Probe (Chrono Boost)  
  51  5:46  Probe (Chrono Boost)  
  51  5:48  Stalker  
  54  6:00  Stalker  
  54  6:02  Nexus  
  54  6:03  Probe  
  54  6:04  Probe  
  58  6:11  Stalker  
  58  6:15  Probe  
  58  6:16  Probe  
  62  6:28  Shield Battery, Probe  
  63  6:33  Stalker x2  
  67  6:44  Probe (Chrono Boost)  
  67  6:46  Void Ray (Chrono Boost)  
  73  6:47  Assimilator  
  73  6:49  Assimilator  
  73  6:50  Probe (Chrono Boost)  
  74  6:54  Probe (Chrono Boost)  
  74  6:56  Photon Cannon  
  74  6:58  Probe (Chrono Boost), Photon Cannon  
  73  7:03  Pylon  
  69  7:09  Probe  
  69  7:10  Shield Battery  
  69  7:13  Shield Battery  
  70  7:26  Probe x3, Shield Battery  
  70  7:28  Shield Battery  
  71  7:41  Shield Battery  
  71  7:43  Shield Battery  
Show
View Real Time Build Order
Export as new Build Order

SubN Zerg 

Build Orders: Pool First 

Get SALT Encoding   

  12  0:00  Drone  
  13  0:12  Overlord  
  13  0:17  Drone  
  14  0:30  Drone x2  
  17  0:35  Drone  
  17  0:46  Spawning Pool  
  16  1:30  Overlord  
  16  1:34  Queen  
  16  1:38  Spine Crawler  
  17  1:40  Drone x2, Spine Crawler  
  17  1:42  Zergling x2  
  19  1:55  Zergling x2  
  19  2:00  Extractor  
  19  2:06  Zergling x2  
  20  2:12  Queen  
  20  2:15  Zergling x2  
  23  2:26  Zergling x2  
  24  2:37  Zergling x2  
  25  2:56  Zergling x6  
  28  3:01  Queen  
  28  3:02  Hatchery  
  26  3:39  Roach Warren  
  25  3:57  Drone x4  
  25  4:01  Overlord x2  
  29  4:19  Queen  
  31  4:24  Roach  
  31  4:25  Roach x2  
  35  4:43  Roach  
  37  4:46  Overlord x2  
  37  4:55  Overlord  
  37  5:03  Queen  
  39  5:18  Ravager  
  39  5:19  Ravager x3  
  43  5:32  Roach  
  45  5:38  Zergling x8  
  49  5:43  Queen  
  51  5:50  Drone  
  51  5:56  Ravager  
  53  6:45  Roach  
  53  6:46  Roach x3  
  57  7:41  Hatchery  
  56  7:47  Spore Crawler  
Tags
 
Matchup
PvZ
Opening
Pool First
Replay Pack
2025 replay dump
Spawn Locations
Cross Positions
Add a new tag
Caveats
  • Supply blocks, unpowered buildings, or Contaminate may cause inaccurate times.
  • Supply counts are checked every 10 seconds.